 Dungeon Crawl Stone Soup version 0.20.1-1-g8b1a95d (webtiles) character file.

3850 Gargoyl the Protected (level 9, -11/79 HPs)
             Began as a Minotaur Abyssal Knight on July 24, 2017.
             Was a Priest of Lugonu.
             Mangled by a two-headed ogre
             ... wielding a +0 giant spiked club
              (16 damage)
             ... on level 8 of the Dungeon.
             The game lasted 00:14:40 (8146 turns).

Gargoyl the Protected (Minotaur Abyssal Knight)     Turns: 8146, Time: 00:14:41

Health: -11/79     AC: 15    Str: 20    XL:     9   Next: 98%
Magic:  12/12      EV:  9    Int:  9    God:    Lugonu [***...]
Gold:   437        SH:  0    Dex: 12    Spells: 8/8 levels left

rFire    + . .     SeeInvis .   E - +0 battleaxe
rCold    . . .     Gourm    .   (shield currently unavailable)
rNeg     . . .     Faith    .   g - +0 chain mail
rPois    +         Spirit   .   (helmet restricted)
rElec    .         Reflect  .   (no cloak)
rCorr    .         Harm     .   (no gloves)
MR       +....                  r - +2 pair of boots
Stlth    ..........             (no amulet)
Regen    0.3/turn               l - ring of protection from magic
MPRegen  0.2/turn               w - ring of loudness (curse)

@: no status effects
A: retaliatory headbutt, horns 2, blink, fire resistance 1, poison resistance,
strong 1
a: Blink, Depart the Abyss, Bend Space, Banish, Renounce Religion


You were on level 8 of the Dungeon.
You worshipped Lugonu.
Lugonu was most pleased with you.
You were not hungry.

You visited 1 branch of the dungeon, and saw 8 of its levels.
You visited the Abyss 1 time.

You collected 437 gold pieces.

Inventory:

Hand Weapons
 a - a +4 hand axe
 B - a +0 war axe
 E - a +0 battleaxe (weapon)
Missiles
 t - 6 silver javelins (quivered)
Armour
 g - a +0 chain mail (worn)
 r - a +2 pair of boots (worn)
Jewellery
 c - an uncursed ring of ice
 l - a ring of protection from magic (left hand)
 o - the ring "Hulia" {rF+ Int+3 SInv, unknown}
   (You found it on level 8 of the Dungeon)

   [ring of intelligence]

   It affects your intelligence (+3).
   It protects you from fire.
   It lets you see invisible.
 w - a cursed ring of loudness (right hand)
Wands
 b - a wand of enslavement (10/24)
 e - a wand of confusion (19/48)
 h - a wand of lightning (14/15)
 y - a wand of lightning (8/15)
 A - a wand of polymorph (16/24)
 D - a wand of iceblast (6/15)
Scrolls
 i - 2 scrolls of fog
 j - 3 scrolls of magic mapping
 q - 2 scrolls of identify
 s - 4 scrolls of teleportation
 x - 4 scrolls of fear
 C - a scroll of recharging
Potions
 f - 2 potions of cancellation
 k - a potion of might {unknown}
 m - 2 potions of flight {unknown}
 p - a potion of resistance {unknown}
 v - a potion of curing
 G - a potion of invisibility {unknown}
 H - a potion of haste {unknown}
Books
 z - a book of Cantrips

   Spells                             Type                      Level
   a - Confusing Touch                Hexes                        1
   b - Animate Skeleton               Necromancy                   1
   c - Summon Small Mammal            Summoning                    1
   d - Apportation                    Translocation                1
Comestibles
 d - 2 royal jellies
 n - 3 fruits
 u - 2 bread rations
 F - 4 chunks of flesh


   Skills:
 + Level 7.2 Fighting
 + Level 9.3 Axes
 + Level 1.5 Throwing
 * Level 10.8 Armour
 + Level 3.1 Dodging
 * Level 5.8 Invocations
 + Level 0.6 Evocations


You had 8 spell levels left.
You didn't know any spells.

Dungeon Overview and Level Annotations

Branches:
Dungeon (8/15)             Temple (0/1) D:7
   Lair: D:8-11

Altars:
Ashenzari
Dithmenos
Hepliaklqana
Qazlal
Ru
Trog
Uskayaw

Shops:
D:6 :

Annotations:
D:5 Prince Ribbit
D:8 1 runed door


Innate Abilities, Weirdness & Mutations

You reflexively headbutt those who attack you in melee.
You have a pair of horns on your head.
You can translocate small distances at will.
Your flesh is heat resistant. (rF+)
Your system is resistant to poisons. (rPois)
Your muscles are strong. (Str +2)


Message History

Your headbutt misses the two-headed ogre.
The two-headed ogre is lightly wounded.
The two-headed ogre hits you but does no damage.
The two-headed ogre completely misses you.
You slash the two-headed ogre!
The two-headed ogre is moderately wounded.
You barely miss the two-headed ogre.
The two-headed ogre is moderately wounded.
The two-headed ogre hits you but does no damage. x2
You slash the two-headed ogre! You headbutt the two-headed ogre.
The two-headed ogre is severely wounded.
The two-headed ogre hits you with a giant spiked club!
The two-headed ogre closely misses you.
You hit the two-headed ogre but do no damage.
You headbutt the two-headed ogre, but do no damage.
The two-headed ogre is severely wounded.
The two-headed ogre hits you with a giant spiked club!!
* * * LOW HITPOINT WARNING * * *
The two-headed ogre hits you with a giant spiked club!
You die...

..#.###..# .#.+p#..#
#.###..# ...
##......# .#.
#.......# #######
.>##
..###8......####
#...... ...
...............#
#...... ..###
#.O@.#.##.## #.<....
....#
####.......###......
.##.###
###..##..##......
.##...#
#..###..#......
)).##.# #..#
##.#..)...
.#..#.#### #..#
##.#......
.##......###### #..#
#...##.###
.###...#......##
#..# #...#..##
.#####...####..#
#.## #...#...#


You could see a two-headed ogre and a neutral human.

Vanquished Creatures
  A hippogriff (D:7)
  Sigmund (D:2)
  A hungry ghost (D:7)
  Menkaure (D:4)
  Edmund (D:5)
  A hornet zombie (D:5)
  2 ice beasts (D:6)
  2 centaurs
  4 ogres
  A bullfrog (D:6)
  A scorpion (D:7)
  3 killer bees (D:8)
  5 howler monkeys (D:7)
  2 crimson imps
  5 hounds
  A jelly (D:7)
  4 orc wizards
  A centaur skeleton (D:8)
  4 bullfrog skeletons
  4 orc priests
  An iguana (D:7)
  Ijyb (D:5)
  7 worker ants
  A killer bee zombie (D:8)
  8 gnolls
  9 adders
  2 shadow imps
  2 oozes
  2 adder zombies
  4 worms
  4 leopard geckos
  26 orcs
  A ball python (D:1)
  6 giant cockroaches
  5 hobgoblins
  10 jackals
  5 kobolds
  3 quokkas
  7 bats
  3 frilled lizards
  A giant cockroach zombie (D:5)
  7 goblins
  A jackal skeleton (D:6)
  A leopard gecko skeleton (D:4)
  A leopard gecko zombie (D:7)
  A quokka skeleton (D:4)
  A quokka zombie (D:6)
  8 rats
173 creatures vanquished.

Vanquished Creatures (others)
  A two-headed ogre (D:6)
  The ghost of nataq the Skirmisher, a novice DsFi (D:8)
2 creatures vanquished.

Grand Total: 175 creatures vanquished

Notes
Turn   | Place    | Note
-------+----------+-------------------------------------------
     0 | Abyss:1  | Gargoyl the Minotaur Abyssal Knight began the quest for the Orb.
     0 | Abyss:1  | Reached XP level 1. HP: 19/19 MP: 1/1
   102 | Abyss:2  | Noticed a catoblepas simulacrum
   111 | Abyss:2  | Noticed a tentacled starspawn
   116 | Abyss:3  | Noticed a large abomination
   167 | Abyss:4  | Noticed an ancient zyme
   170 | D:1      | Escaped the Abyss
   412 | D:1      | Reached XP level 2. HP: 27/27 MP: 2/2
   442 | D:1      | Reached * piety under Lugonu
   797 | D:1      | Reached skill level 3 in Armour
  1178 | D:1      | Reached XP level 3. HP: 33/33 MP: 3/3
  1679 | D:2      | Noticed Sigmund
  1689 | D:2      | Gained mutation: You are partially covered in molten scales. (AC +2) [potion of mutation]
  1689 | D:2      | Gained mutation: You tend to lose your temper in combat. [potion of mutation]
  1689 | D:2      | Gained mutation: You are partially covered in slimy green scales. (AC +2) [potion of mutation]
  1998 | D:2      | Killed Sigmund
  1998 | D:2      | Reached skill level 5 in Armour
  1998 | D:2      | Reached XP level 4. HP: 39/41 MP: 3/5
  1998 | D:2      | Reached XP level 5. HP: 45/47 MP: 3/6
  2247 | D:3      | Reached XP level 6. HP: 51/53 MP: 7/7
  2280 | D:3      | Lost mutation: You are partially covered in molten scales. (AC +2) [potion of mutation]
  2280 | D:3      | Lost mutation: You tend to lose your temper in combat. [potion of mutation]
  2280 | D:3      | Lost mutation: You are partially covered in slimy green scales. (AC +2) [potion of mutation]
  2280 | D:3      | Gained mutation: Your system is resistant to poisons. (rPois) [potion of mutation]
  2280 | D:3      | Gained mutation: Your flesh is heat resistant. (rF+) [potion of mutation]
  2280 | D:3      | Gained mutation: You can translocate small distances at will. [potion of mutation]
  2280 | D:3      | Gained mutation: Your muscles are strong. (Str +2) [potion of mutation]
  2404 | D:3      | Reached ** piety under Lugonu
  2902 | D:4      | Reached skill level 5 in Fighting
  2902 | D:4      | Reached skill level 5 in Axes
  2932 | D:4      | Noticed Menkaure
  2951 | D:4      | Killed Menkaure
  2951 | D:4      | Reached skill level 6 in Armour
  2951 | D:4      | Reached XP level 7. HP: 13/61 MP: 8/8
  4124 | D:5      | Entered Level 5 of the Dungeon
  4177 | D:5      | Noticed Edmund
  4193 | D:5      | Killed Edmund
  4433 | D:5      | Found a bloodstained altar of Trog.
  4504 | D:5      | Reached skill level 7 in Armour
  4504 | D:5      | Reached XP level 8. HP: 35/70 MP: 9/9
  5104 | D:5      | Noticed Prince Ribbit
  5107 | D:5      | Noticed Ijyb
  5121 | D:5      | Killed Ijyb
  5454 | D:5      | Reached *** piety under Lugonu
  5580 | D:6      | Found a hazy altar of Hepliaklqana.
  5580 | D:6      | Found a sacrificial altar of Ru.
  5580 | D:6      | Found a hide-covered altar of Uskayaw.
  5580 | D:6      | Found a shadowy altar of Dithmenos.
  5581 | D:6      | Found a stormy altar of Qazlal.
  5674 | D:6      | Reached skill level 8 in Armour
  5730 | D:6      | Found Fuimm's Book Shoppe.
  6059 | D:6      | Found a shattered altar of Ashenzari.
  6084 | D:6      | You fall through a shaft!
  6176 | D:7      | Reached XP level 9. HP: 77/78 MP: 11/11
  6198 | D:6      | Noticed a two-headed ogre
  6200 | D:6      | Banished a two-headed ogre
  6200 | D:6      | Reached skill level 1 in Throwing
  6200 | D:6      | Reached skill level 9 in Armour
  6200 | D:6      | Reached skill level 5 in Invocations
  6699 | D:7      | Found a staircase to the Ecumenical Temple.
  7532 | D:7      | Reached skill level 10 in Armour
  7639 | D:8      | Noticed nataq's ghost (novice DsFi)
  7663 | D:8      | Banished nataq's ghost
  7972 | D:8      | Got a transparent brass ring
  8072 | D:8      | Found a runed door.
  8137 | D:8      | Noticed a two-headed ogre
  8146 | D:8      | Mangled by a two-headed ogre

Skill      XL: |  1  2  3  4  5  6  7  8  9 |
---------------+----------------------------+-----
Fighting       | 4 5 6 7 |  7.2
Armour         | 3 5 6 7 8 10 | 10.8
Invocations    | 2 3 4 5 |  5.8
Axes           | 4 5 6 8 9 |  9.3
Dodging        | 2 3 |  3.1
Throwing       | 1 |  1.5
Evocations     | |  0.6

Action                   |  1- 3 |  4- 6 |  7- 9 || total
-------------------------+-------+-------+-------++-------
Melee: Hand axe          |    85 |    70 |   224 ||   379
       Headbutt          |    14 |    14 |    65 ||    93
       War axe           |       |       |    67 ||    67
       Battleaxe         |       |       |    60 ||    60
Throw: Javelin           |       |       |    19 ||    19
Invok: Depart the Abyss  |     1 |       |       ||     1
       Banish            |       |       |     4 ||     4
Evoke: Wand              |       |       |     4 ||     4
  Use: Scroll            |     6 |     2 |     7 ||    15
       Potion            |     3 |     2 |     3 ||     8
  Eat: Chunk             |     2 |       |    15 ||    17
       Bread ration      |     1 |       |     1 ||     2
       Royal jelly       |       |       |     3 ||     3
Armor: Chain mail        |    87 |    29 |   211 ||   327
       Skin              |       |     1 |    27 ||    28
Dodge: Dodged            |    41 |    32 |   147 ||   220
